Map: Pillars of Gold LE

Players

RiSky

  • Race: Zerg Zerg
  • Spawn Location: 7:00

Probe - Winner!

  • Race: Protoss Protoss
  • Spawn Location: 1:00

Event: DreamHack SC2 Masters 2020 Winter

VOD

Have the link to the VOD?

Description

Time

  • Played on: Oct. 21, 2020, 6:35 a.m.
  • Length: 8:37

All games in this series

Show
View Real Time Build Order
Export as new Build Order

RiSky Zerg 

Build Orders: Hatch First 

Get SALT Encoding   

  12  0:00  Drone  
  13  0:13  Overlord  
  13  0:17  Drone  
  14  0:31  Drone x2  
  16  0:50  Hatchery  
  16  0:53  Drone  
  16  0:57  Drone  
  16  1:00  Drone  
  18  1:11  Extractor  
  17  1:16  Spawning Pool  
  16  1:19  Drone  
  16  1:23  Drone  
  18  1:30  Drone  
  20  1:40  Drone  
  20  1:51  Overlord  
  20  2:02  Queen x2  
  20  2:03  Zergling x2  
  20  2:04  Zergling x2  
  26  2:13  Drone x2  
  26  2:15  Metabolic Boost  
  28  2:23  Drone x2  
  30  2:39  Hatchery  
  30  2:42  Drone  
  30  2:48  Queen  
  32  2:53  Overlord  
  32  2:55  Drone  
  34  2:58  Drone  
  34  3:00  Drone  
  34  3:03  Drone  
  36  3:12  Drone x2  
  38  3:14  Drone x2  
  38  3:16  Drone  
  38  3:18  Overlord  
  41  3:22  Drone  
  42  3:27  Queen  
  42  3:33  Spore Crawler  
  43  3:35  Drone  
  43  3:38  Drone x2  
  46  3:41  Spore Crawler  
  46  3:42  Drone  
  46  3:47  Drone  
  46  3:48  Overlord  
  47  3:50  Drone x2  
  47  3:54  Drone  
  50  3:59  Drone x2  
  50  4:01  Overlord  
  52  4:03  Queen  
  52  4:09  Roach Warren  
  53  4:12  Drone  
  53  4:14  Drone  
  55  4:17  Overlord  
  55  4:20  Spore Crawler  
  55  4:21  Drone  
  55  4:24  Drone  
  55  4:26  Drone x2  
  55  4:27  Drone x2  
  55  4:29  Drone  
  61  4:35  Drone x2  
  63  4:38  Drone  
  63  4:40  Lair  
  63  4:42  Extractor  
  63  4:43  Zergling x4  
  63  4:44  Zergling x8  
  63  4:45  Extractor  
  68  4:47  Zergling x2  
  69  4:54  Overlord  
  69  4:58  Overlord  
  69  5:02  Roach  
  69  5:03  Queen, Roach x3  
  69  5:06  Overlord  
  79  5:10  Roach  
  79  5:12  Overlord  
  81  5:17  Extractor x2, Overlord  
  81  5:19  Roach  
  84  5:28  Roach x3  
  84  5:32  Roach  
  84  5:35  Overlord  
  88  5:39  Overlord  
  88  5:40  Roach  
  88  5:41  Roach x2  
  93  5:43  Roach  
  93  5:45  Overlord  
  93  5:48  Overlord  
  95  5:52  Overlord  
  95  5:56  Overlord  
  94  5:58  Glial Reconstitution  
  94  6:00  Drone x2  
  94  6:04  Drone x2  
  94  6:07  Drone x2  
  94  6:09  Extractor, Roach x4  
  104  6:15  Roach x2  
  108  6:22  Evolution Chamber, Roach  
  109  6:27  Roach x2  
  113  6:33  Roach x2  
  113  6:34  Roach  
  113  6:36  Overseer  
  113  6:38  Overlord  
  119  6:44  Roach x3  
  127  6:47  Roach  
  127  6:48  Overseer  
  127  6:52  Roach x2  
  131  6:55  Ravager x3  
  131  6:59  Overseer  
  138  7:01  Roach x2  
  138  7:04  Ravager  
  139  7:09  Roach x3  
  139  7:15  Roach x2  
  149  7:19  Roach x2  
  151  7:23  Overlord  
  151  7:26  Overlord  
  151  7:28  Drone x2  
  153  7:34  Ravager x3  
  153  7:35  Drone  
  157  7:37  Drone  
  154  7:44  Drone  
  154  7:48  Roach  
  154  7:49  Roach x3  
  155  7:54  Roach x2  
  141  8:02  Roach x4  
  139  8:05  Drone x2  
Show
View Real Time Build Order
Export as new Build Order

Probe Protoss - Winner!

Build Orders: 1 Gate Expand, Zealot Archon, Archon Drop 

Get SALT Encoding   

  12  0:00  Probe  
  13  0:12  Probe  
  14  0:18  Pylon  
  14  0:24  Probe  
  15  0:36  Probe (Chrono Boost)  
  16  0:44  Gateway  
  16  0:46  Probe (Chrono Boost)  
  17  0:51  Assimilator, Probe (Chrono Boost)  
  18  1:03  Probe  
  19  1:15  Probe  
  20  1:27  Nexus  
  20  1:38  Cybernetics Core  
  20  1:41  Probe  
  21  1:48  Assimilator  
  21  1:53  Probe  
  22  1:57  Pylon  
  22  2:05  Probe (Chrono Boost)  
  23  2:12  Adept (Chrono Boost)  
  25  2:17  Probe (Chrono Boost)  
  26  2:26  Probe (Chrono Boost)  
  26  2:28  Warp Gate  
  27  2:32  Probe (Chrono Boost)  
  27  2:35  Stalker  
  30  2:40  Probe (Chrono Boost)  
  32  2:49  Probe x2 (Chrono Boost)  
  33  2:55  Robotics Facility, Probe  
  33  2:58  Twilight Council  
  34  3:02  Probe  
  35  3:07  Probe  
  36  3:14  Probe  
  36  3:19  Gateway  
  38  3:20  Probe  
  38  3:26  Probe  
  39  3:30  Pylon  
  39  3:31  Charge (Chrono Boost)  
  39  3:32  Probe  
  40  3:38  Probe  
  41  3:42  Warp Prism  
  41  3:44  Probe  
  44  3:48  Gateway  
  44  3:53  Gateway  
  44  3:54  Probe  
  45  3:56  Probe  
  45  4:01  Pylon  
  46  4:06  Probe  
  47  4:10  Assimilator x2  
  47  4:13  Probe  
  48  4:18  Warp Prism (Chrono Boost)  
  48  4:22  Templar Archives  
  50  4:26  Probe x2  
  50  4:30  Pylon  
  52  4:38  Probe x2  
  54  4:42  Pylon  
  54  4:47  Zealot x2  
  54  4:48  Zealot  
  54  4:49  Observer (Chrono Boost)  
  54  4:50  Probe  
  62  4:52  Zealot  
  62  4:56  Pylon  
  62  4:59  Probe  
  65  5:02  Probe  
  66  5:07  Pylon  
  66  5:13  High Templar  
  66  5:14  High Templar x3  
  72  5:19  Archon x2  
  74  5:34  Probe  
  75  5:38  Probe  
  75  5:40  Pylon  
  76  5:44  Gateway  
  76  5:47  Gateway x2  
  76  5:48  Gateway  
  75  5:50  Zealot  
  75  5:51  Zealot x3  
  75  5:56  Probe  
  82  6:01  Observer, Probe  
  83  6:08  Probe  
  83  6:09  Immortal (Chrono Boost)  
  84  6:14  Forge  
  84  6:15  Sentry x3  
  94  6:28  Nexus  
  94  6:31  Pylon  
  94  6:35  Pylon x2  
  94  6:51  High Templar x4, Immortal (Chrono Boost)  
  102  6:56  Probe x2  
  102  6:59  Archon, Shield Battery  
  102  7:00  Archon  
  109  7:08  Probe  
  109  7:18  Shield Battery, Probe  
  109  7:20  Pylon  
  109  7:22  Probe  
  111  7:30  Zealot x2, Probe, Sentry  
  111  7:34  Probe  
  111  7:35  Pylon x2  
  111  7:36  Pylon  
  115  7:44  Zealot x5  
  113  7:51  Shield Battery  
  113  7:52  Shield Battery  
  104  7:58  Zealot  
  104  7:59  Zealot x2  
Tags
 
Add a new tag
Caveats
  • Supply blocks, unpowered buildings, or Contaminate may cause inaccurate times.
  • Supply counts are checked every 10 seconds.